 Dungeon Crawl Stone Soup version 0.29.0-4-gdea44cf6ec (webtiles) character file.

Game seed: 11258806230247476667

249 qw the Chopper (level 6, -1/51 HPs)
             Began as a Ghoul Summoner on Sept 10, 2022.
             Slain by an ogre
             ... wielding a +0 giant spiked club
              (15 damage)
             ... on level 5 of the Dungeon.
             The game lasted 00:02:29 (5788 turns).

qw the Chopper (Ghoul Summoner)                     Turns: 5788, Time: 00:02:29

Health: -1/51      AC: 12    Str: 14    XL:     6   Next: 12%
Magic:  7/7        EV:  6    Int: 10    God:
Gold:   126        SH:  5    Dex:  9    Spells: 7/8 levels left

rFire   + + .      SeeInvis .   Y - +0 hand axe
rCold   + . .      Faith    .   (no shield)
rNeg    + + +      Spirit   .   h - +2 chain mail {rF+}
rPois   inf        Reflect  +   (no helmet)
rElec   .          Harm     .   (no cloak)
rCorr   .          Rampage  .   d - +1 pair of gloves
Will    .....                   (no boots)
Stlth   ..........              e - amulet of reflection
HPRegen 0.00/turn               n - ring of protection from fire
MPRegen 0.10/turn               (no ring)

@: inhibited regen
A: claws 1, cold resistance 1, negative energy resistance 3, inhibited
regeneration, torment resistance 2, devour on kill
a: no special abilities


You were on level 5 of the Dungeon.
You visited 1 branch of the dungeon, and saw 5 of its levels.

You collected 204 gold pieces.
You spent 78 gold pieces at shops.


Innate Abilities, Weirdness & Mutations

You are immune to poison.
You have sharp fingernails.
Your flesh is cold resistant. (rC+)
You are immune to negative energy. (rN+++)
You do not regenerate when monsters are visible.
You are immune to unholy pain and torment.
You thrive by killing the living.


   Skills:
 - Level 3.1 Fighting
 + Level 4.1 Axes
 - Level 1.0 Armour
 - Level 1.7 Dodging
 - Level 2.1 Stealth
 - Level 1.7 Spellcasting
 - Level 3.6 Summonings


You had 7 spell levels left.
You knew the following spells:

 Your Spells              Type           Power      Damage    Failure   Level
a - Summon Small Mammal   Summ           32%        N/A       91%         1

Your spell library contained the following spells:

 Spells                   Type           Power      Damage    Failure   Level
 Call Imp                 Summ           8%         N/A       97%         2
 Call Canine Familiar     Summ           8%         N/A       99%         3
 Summon Guardian Golem    Hex/Summ       4%         N/A       100%        3
 Summon Lightning Spire   Summ/Air       4%         N/A       100%        4

Inventory:

Hand Weapons
 k - a +0 flail
 Y - a +0 hand axe (weapon)
Armour
 d - a +1 pair of gloves (worn)
 h - a +2 chain mail of fire resistance (worn)
Jewellery
 e - an amulet of reflection (around neck)
 l - the amulet of Cyeteisk {-Tele rN+ Regen+ Str+2 Slay+3}
   (You found it on level 4 of the Dungeon)

   [amulet of regeneration]

   Str:       It affects your strength (+2).
   Slay:      It affects your accuracy & damage with ranged weapons and melee
   (+3).
   rN:        It protects you from negative energy.
   -Tele:     It prevents most forms of teleportation.
   Regen:     It increases your rate of health regeneration.
 n - a ring of protection from fire (left hand)
Scrolls
 f - 6 scrolls of identify
 i - a scroll of teleportation
Potions
 a - a potion of curing
 b - a potion of haste
 c - a potion of flight {unknown}
 g - a potion of might

Dungeon Overview and Level Annotations

Branches:
Dungeon (5/15)
 Temple: D:4-7

Altars:

Shops:
D:3 *


Message History

You hit the white imp but do no damage. You block the white imp's attack.
The white imp gestures at you. The puff of frost hits you. You resist.
You hit the white imp.
The white imp is moderately wounded.
The white imp gestures at you. The puff of frost hits you. You resist.
You hit the white imp.
The white imp is heavily wounded.
The white imp barely misses you.
You closely miss the white imp.
The white imp is heavily wounded.
The white imp hits you. The white imp freezes you. You resist.
You hit the white imp.
You kill the white imp!
The ufetubus hits you but does no damage.
You block the ufetubus's attack.
You slash the ufetubus!
You kill the ufetubus!
You hit the ogre.
The ogre is moderately wounded.
The ogre closely misses you.
You hit the ogre.
The ogre is heavily wounded.
The ogre hits you with a +0 giant spiked club!
You hit the ogre but do no damage.
The ogre is heavily wounded.
A shadow imp comes into view.
5785 ||| Stepping ~*~*~tactically~*~*~ (stealth).
You hit the ogre.
The ogre is heavily wounded.
The ogre barely misses you.
You hit the ogre.
The ogre is severely wounded.
The ogre hits you with a +0 giant spiked club!
You hit the ogre.
The ogre is almost dead.
The ogre hits you with a +0 giant spiked club!
You die...

..5+ +.....'. ...#
###...#'# .!#
##.##.##.# ...
##...###... #####
#.####.....#.... #...#
#.#..'.....'..7.
#...####'#.##.....#....
#......O...###...###...
+.....@...##.##.##.##.#
#........##...###...#'#
#.##.....'..}..'.....'.
#..####..##...###...###
##..###...##.##.##.##.#
##..##....###...###...
##.##....##.....#....
#.##.....'.....'..<.
#.##....##.....#....


You could see an ogre.

Vanquished Creatures
  A scorpion (D:5)
  A hound (D:5)
  7 adders
  A white imp (D:5)
  An ufetubus (D:5)
  2 worms (D:2)
  A dart slug (D:2)
  4 orcs (D:4)
  8 bats
  2 endoplasms
  4 giant cockroaches
  5 goblins
  3 hobgoblins
  4 jackals (D:2)
  4 quokkas
  4 ball pythons
  A frilled lizard (D:3)
  6 kobolds
  5 rats
64 creatures vanquished.

Vanquished Creatures (collateral kills)
  A bat (D:1)
  5 endoplasms (D:1)
  A goblin (D:1)
  2 hobgoblins (D:1)
  3 ball pythons (D:1)
  2 frilled lizards (D:1)
  2 kobolds (D:1)
  2 rats (D:1)
18 creatures vanquished.

Grand Total: 82 creatures vanquished

Notes
Turn   | Place    | Note
-------+----------+-------------------------------------------
     0 | D:1      | qw the Ghoul Summoner began the quest for the Orb.
     0 | D:1      | Reached XP level 1. HP: 14/14 MP: 2/2
     0 | D:1      | 0 ||| qw: Version: 0.1-a-113-g051387a
     0 | D:1      | 0 ||| qw: Game counter: 7407
     0 | D:1      | 0 ||| qw: Always use a shield: true
     0 | D:1      | 0 ||| qw: God list: Okawaru
     0 | D:1      | 0 ||| qw: Allow faded altars: false
     0 | D:1      | 0 ||| qw: Do Orc after D:15 true
     0 | D:1      | 0 ||| qw: Do second Lair branch before Depths: true
     0 | D:1      | 0 ||| qw: Lair rune preference: random
     0 | D:1      | 0 ||| qw: Plans: Normal
     0 | D:1      | 0 ||| PLANNING D:1-11
    12 | D:1      | 12 ||| CASTING Summon Small Mammal
    13 | D:1      | 13 ||| CASTING Summon Small Mammal
    25 | D:1      | 25 ||| CASTING Summon Small Mammal
    77 | D:1      | 77 ||| CASTING Summon Small Mammal
    78 | D:1      | 78 ||| CASTING Summon Small Mammal
    90 | D:1      | 90 ||| CASTING Summon Small Mammal
    99 | D:1      | Reached skill level 1 in Axes
   116 | D:1      | 116 ||| Wielding weapon +0 dagger.
   118 | D:1      | 118 ||| CASTING Summon Small Mammal
   119 | D:1      | 119 ||| CASTING Summon Small Mammal
   182 | D:1      | 182 ||| CASTING Summon Small Mammal
   183 | D:1      | 183 ||| CASTING Summon Small Mammal
   194 | D:1      | Reached XP level 2. HP: 22/22 MP: 0/3
   231 | D:1      | 231 ||| CASTING Summon Small Mammal
   232 | D:1      | 232 ||| CASTING Summon Small Mammal
   233 | D:1      | 233 ||| CASTING Summon Small Mammal
   243 | D:1      | Reached skill level 1 in Fighting
   243 | D:1      | 243 ||| CASTING Summon Small Mammal
   283 | D:1      | 283 ||| CASTING Summon Small Mammal
   284 | D:1      | 284 ||| CASTING Summon Small Mammal
   285 | D:1      | 285 ||| CASTING Summon Small Mammal
   295 | D:1      | 295 ||| CASTING Summon Small Mammal
   344 | D:1      | 344 ||| CASTING Summon Small Mammal
   345 | D:1      | 345 ||| CASTING Summon Small Mammal
   346 | D:1      | 346 ||| CASTING Summon Small Mammal
   383 | D:1      | 383 ||| CASTING Summon Small Mammal
   384 | D:1      | 384 ||| CASTING Summon Small Mammal
   385 | D:1      | 385 ||| CASTING Summon Small Mammal
   390 | D:1      | 390 ||| Stepping ~*~*~tactically~*~*~ (outnumbered).
   396 | D:1      | 396 ||| CASTING Summon Small Mammal
   461 | D:1      | 461 ||| CASTING Summon Small Mammal
   463 | D:1      | 463 ||| CASTING Summon Small Mammal
   464 | D:1      | 464 ||| CASTING Summon Small Mammal
   594 | D:1      | 594 ||| SWAPPING to +0 short sword.
   595 | D:1      | 595 ||| CASTING Summon Small Mammal
   596 | D:1      | 596 ||| CASTING Summon Small Mammal
   597 | D:1      | 597 ||| CASTING Summon Small Mammal
   607 | D:1      | 607 ||| CASTING Summon Small Mammal
   672 | D:1      | 672 ||| DROPPING +0 dagger.
   675 | D:1      | 675 ||| CASTING Summon Small Mammal
   676 | D:1      | 676 ||| CASTING Summon Small Mammal
   677 | D:1      | 677 ||| CASTING Summon Small Mammal
   740 | D:1      | 740 ||| CASTING Summon Small Mammal
   741 | D:1      | 741 ||| CASTING Summon Small Mammal
   742 | D:1      | 742 ||| CASTING Summon Small Mammal
   784 | D:1      | 784 ||| CASTING Summon Small Mammal
   785 | D:1      | 785 ||| CASTING Summon Small Mammal
   786 | D:1      | 786 ||| CASTING Summon Small Mammal
   882 | D:1      | 882 ||| CASTING Summon Small Mammal
   883 | D:1      | 883 ||| CASTING Summon Small Mammal
   884 | D:1      | 884 ||| CASTING Summon Small Mammal
   926 | D:1      | 926 ||| CASTING Summon Small Mammal
   927 | D:1      | 927 ||| CASTING Summon Small Mammal
   928 | D:1      | 928 ||| CASTING Summon Small Mammal
   933 | D:1      | Reached XP level 3. HP: 28/28 MP: 0/4
   986 | D:1      | 986 ||| CASTING Summon Small Mammal
   987 | D:1      | 987 ||| CASTING Summon Small Mammal
   988 | D:1      | 988 ||| CASTING Summon Small Mammal
   989 | D:1      | 989 ||| CASTING Summon Small Mammal
  1031 | D:1      | 1031 ||| CASTING Summon Small Mammal
  1032 | D:1      | 1032 ||| CASTING Summon Small Mammal
  1033 | D:1      | 1033 ||| CASTING Summon Small Mammal
  1034 | D:1      | 1034 ||| CASTING Summon Small Mammal
  1038 | D:1      | Reached skill level 2 in Axes
  1133 | D:1      | 1133 ||| CASTING Summon Small Mammal
  1134 | D:1      | 1134 ||| CASTING Summon Small Mammal
  1135 | D:1      | 1135 ||| CASTING Summon Small Mammal
  1136 | D:1      | 1136 ||| CASTING Summon Small Mammal
  1144 | D:1      | 1144 ||| CASTING Summon Small Mammal
  1215 | D:1      | 1215 ||| CASTING Summon Small Mammal
  1216 | D:1      | 1216 ||| CASTING Summon Small Mammal
  1217 | D:1      | 1217 ||| CASTING Summon Small Mammal
  1218 | D:1      | 1218 ||| CASTING Summon Small Mammal
  1280 | D:1      | 1280 ||| CASTING Summon Small Mammal
  1281 | D:1      | 1281 ||| CASTING Summon Small Mammal
  1282 | D:1      | 1282 ||| CASTING Summon Small Mammal
  1283 | D:1      | 1283 ||| CASTING Summon Small Mammal
  1291 | D:1      | 1291 ||| CASTING Summon Small Mammal
  1301 | D:1      | 1301 ||| CASTING Summon Small Mammal
  1398 | D:1      | 1398 ||| SWAPPING to +0 whip.
  1399 | D:1      | 1399 ||| DROPPING +0 short sword.
  1566 | D:1      | 1566 ||| CASTING Summon Small Mammal
  1567 | D:1      | 1567 ||| CASTING Summon Small Mammal
  1568 | D:1      | 1568 ||| CASTING Summon Small Mammal
  1569 | D:1      | 1569 ||| CASTING Summon Small Mammal
  1577 | D:1      | 1577 ||| CASTING Summon Small Mammal
  1679 | D:1      | 1679 ||| CASTING Summon Small Mammal
  1680 | D:1      | 1680 ||| CASTING Summon Small Mammal
  1681 | D:1      | 1681 ||| CASTING Summon Small Mammal
  1682 | D:1      | 1682 ||| CASTING Summon Small Mammal
  1690 | D:1      | 1690 ||| CASTING Summon Small Mammal
  1724 | D:1      | 1724 ||| CASTING Summon Small Mammal
  1725 | D:1      | 1725 ||| CASTING Summon Small Mammal
  1726 | D:1      | 1726 ||| CASTING Summon Small Mammal
  1802 | D:1      | 1802 ||| CASTING Summon Small Mammal
  1803 | D:1      | 1803 ||| CASTING Summon Small Mammal
  1805 | D:1      | 1805 ||| CASTING Summon Small Mammal
  1806 | D:1      | 1806 ||| CASTING Summon Small Mammal
  1813 | D:1      | 1813 ||| CASTING Summon Small Mammal
  1984 | D:1      | 1984 ||| UPGRADING to +0 ring mail.
  1994 | D:1      | 1994 ||| DROPPING +0 robe.
  1995 | D:1      | 1995 ||| UPGRADING to +2 chain mail of fire resistance.
  2005 | D:1      | 2005 ||| DROPPING +0 ring mail.
  2006 | D:1      | 2006 ||| READING scroll labelled UMOJAO OCLYTHRIY.
  2007 | D:1      | 2007 ||| READING scroll labelled CAINGU LODOEKK.
  2008 | D:1      | 2008 ||| READING scroll labelled NISMIDW AFOX.
  2009 | D:1      | 2009 ||| READING 2 scrolls labelled HOFROA BIFOH.
  2010 | D:1      | 2010 ||| READING scroll labelled XETERUGERE.
  2015 | D:1      | 2015 ||| DROPPING potion of magic.
  2016 | D:1      | 2016 ||| DROPPING scroll of blinking.
  2085 | D:2      | 2085 ||| FLEEEEING.
  2086 | D:2      | 2086 ||| FLEEEEING.
  2088 | D:2      | 2088 ||| FLEEEEING.
  2089 | D:2      | 2089 ||| STAIRDANCE
  2178 | D:1      | 2178 ||| READING scroll labelled RAICAV FEOWN.
  2261 | D:2      | Reached XP level 4. HP: 34/36 MP: 5/5
  2864 | D:2      | 2864 ||| Stepping ~*~*~tactically~*~*~ (stealth).
  3042 | D:2      | 3042 ||| SWAPPING to +0 rapier.
  3043 | D:2      | 3043 ||| DROPPING +0 whip.
  3258 | D:2      | 3258 ||| UPGRADING to +1 pair of gloves.
  3263 | D:2      | 3263 ||| UPGRADING to amulet of guardian spirit.
  3268 | D:2      | 3268 ||| READING scroll labelled TEDOGAATHO.
  3269 | D:2      | 3269 ||| READING scroll labelled YWOEZI LEKUOCS.
  3370 | D:3      | Found Istralu's General Store.
  3394 | D:3      | 3394 ||| BUYING potion of might (52 gold).
  3394 | D:3      | Bought a potion of might for 52 gold pieces
  3394 | D:3      | 3394 ||| BUYING scroll of identify (26 gold).
  3394 | D:3      | Bought a scroll of identify for 26 gold pieces
  3900 | D:3      | Reached skill level 1 in Armour
  3911 | D:3      | Reached skill level 3 in Axes
  4164 | D:3      | 4164 ||| READING scroll labelled UPOAPI SIDD.
  4165 | D:3      | 4165 ||| READING scroll labelled SISANOAHEI.
  4166 | D:3      | 4166 ||| READING 2 scrolls labelled MOHARI WEVOREA.
  4167 | D:3      | 4167 ||| READING scroll labelled BASTRO BECLE.
  4268 | D:3      | 4268 ||| DRINKING 2 silvery potions.
  4369 | D:3      | 4369 ||| READING 4 scrolls of identify.
  4369 | D:3      | 4369 ||| IDENTIFYING fuming silvery potion
  4370 | D:3      | 4370 ||| READING 3 scrolls of identify.
  4370 | D:3      | 4370 ||| IDENTIFYING fuming green potion
  4371 | D:3      | 4371 ||| READING 2 scrolls of identify.
  4371 | D:3      | 4371 ||| IDENTIFYING sapphire potion
  4372 | D:3      | 4372 ||| DROPPING potion of brilliance.
  4373 | D:3      | 4373 ||| DROPPING potion of ambrosia.
  4374 | D:3      | 4374 ||| DROPPING scroll of vulnerability.
  4477 | D:4      | Identified the +0 leather armour of the Moon {rPois Int-2
                  | Dex+8 SInv}
  4496 | D:4      | Reached XP level 5. HP: 37/41 MP: 6/6
  4542 | D:4      | 4542 ||| Stepping ~*~*~tactically~*~*~ (stealth).
  4549 | D:4      | 4549 ||| Stepping ~*~*~tactically~*~*~ (outnumbered).
  4550 | D:4      | 4550 ||| Stepping ~*~*~tactically~*~*~ (outnumbered).
  4551 | D:4      | 4551 ||| Stepping ~*~*~tactically~*~*~ (outnumbered).
  4552 | D:4      | 4552 ||| Stepping ~*~*~tactically~*~*~ (outnumbered).
  4553 | D:4      | 4553 ||| Stepping ~*~*~tactically~*~*~ (outnumbered).
  4554 | D:4      | 4554 ||| Stepping ~*~*~tactically~*~*~ (outnumbered).
  4555 | D:4      | 4555 ||| Stepping ~*~*~tactically~*~*~ (outnumbered).
  4556 | D:4      | 4556 ||| Stepping ~*~*~tactically~*~*~ (outnumbered).
  4561 | D:4      | 4561 ||| Stepping ~*~*~tactically~*~*~ (outnumbered).
  4562 | D:4      | 4562 ||| Stepping ~*~*~tactically~*~*~ (outnumbered).
  4563 | D:4      | 4563 ||| Stepping ~*~*~tactically~*~*~ (outnumbered).
  4564 | D:4      | 4564 ||| Stepping ~*~*~tactically~*~*~ (outnumbered).
  4565 | D:4      | 4565 ||| Stepping ~*~*~tactically~*~*~ (outnumbered).
  4567 | D:4      | 4567 ||| Stepping ~*~*~tactically~*~*~ (outnumbered).
  4569 | D:4      | 4569 ||| Stepping ~*~*~tactically~*~*~ (outnumbered).
  4570 | D:4      | 4570 ||| Stepping ~*~*~tactically~*~*~ (outnumbered).
  4692 | D:4      | 4692 ||| SWAPPING to +0 hand axe.
  4693 | D:4      | 4693 ||| DROPPING +1 rapier of protection.
  5008 | D:4      | Identified the amulet of Cyeteisk {-Tele rN+ Regen+ Str+2
                  | Slay+3}
  5268 | D:4      | 5268 ||| UPGRADING to amulet of reflection.
  5278 | D:4      | 5278 ||| DROPPING amulet of guardian spirit.
  5279 | D:4      | 5279 ||| UPGRADING to ring of protection from fire.
  5280 | D:4      | 5280 ||| READING scroll labelled DESOIGUWUY.
  5352 | D:5      | Entered Level 5 of the Dungeon
  5495 | D:5      | Reached skill level 4 in Axes
  5579 | D:5      | Reached skill level 3 in Fighting
  5579 | D:5      | Reached XP level 6. HP: 26/51 MP: 7/7
  5761 | D:5      | 5761 ||| Stepping ~*~*~tactically~*~*~ (stealth).
  5785 | D:5      | 5785 ||| Stepping ~*~*~tactically~*~*~ (stealth).
  5788 | D:5      | Slain by an ogre

Levels and vault maps discovered:
D:1:      lightli_arrival_lavapool, layout_basic, minmay_tetromino_l2
D:2:      layout_basic
D:3:      kennysheep_big_flooded_room, layout_basic, serial_shops,
          nicolae_square_shop
D:4:      layout_gridville, amcnicky_mini_corridor_feature
D:5:      kennysheep_steamy, layout_basic, serial_demonic, serial_demonic_e,
          serial_demonic_a, serial_demonic_f, serial_demonic_c,
          serial_demonic_c, serial_demonic_d, serial_demonic_g,
          serial_demonic_c, nicolae_hexahallways

Skill      XL: |  1  2  3  4  5 |
---------------+----------------+-----
Axes           | 1 2 3 4 |  4.1
Fighting       | 1 2 3 |  3.1
Armour         | 1 |  1.0
Dodging        | |  1.7
Stealth        | |  2.1
Spellcasting   | |  1.7
Summonings     | |  3.6

Action                   |  1- 3 |  4- 6 || total
-------------------------+-------+-------++-------
Melee: Unarmed           |     2 |       ||     2
       Punch             |     1 |     2 ||     3
       Dagger            |    22 |       ||    22
       Short sword       |    32 |       ||    32
       Whip              |    56 |    82 ||   138
       Rapier            |       |    99 ||    99
       Hand axe          |       |   107 ||   107
 Cast: Summon Small Mamm |    84 |       ||    84
  Use: Scroll            |     6 |    10 ||    16
       Potion            |       |     1 ||     1
 Stab: Distracted        |     2 |       ||     2
Armor: Robe              |    12 |       ||    12
       Chain mail        |    48 |   231 ||   279
Dodge: Dodged            |    51 |   100 ||   151
Block: Other             |       |    19 ||    19

Table legend:
 A = Non-vault XP
 B = Vault XP
 C = Vault XP percentage of total XP
 D = Non-vault monster count
 E = Vault monster count
 F = Vault count percentage of total count
                 A         B        C        D         E       F
            +---------+---------+-------+---------+---------+-------
      Total |     332 |      25 |   7.0 |      76 |       6 |   7.3
            +---------+---------+-------+---------+---------+-------
        D:1 |      45 |       3 |   6.2 |      28 |       2 |   6.7
        D:2 |      64 |       0 |   0.0 |      22 |       0 |   0.0
        D:3 |      24 |       4 |  14.3 |       8 |       2 |  20.0
        D:4 |      67 |       0 |   0.0 |      15 |       0 |   0.0
        D:5 |     132 |      18 |  12.0 |       3 |       2 |  40.0
            +---------+---------+-------+---------+---------+-------
